 Dungeon Crawl Stone Soup version 0.29.1-1-gd02db6906a (webtiles) character file.

Game seed: 10269942874522131633

58 xian the Covert (level 3, -5/19 HPs)
             Began as a Spriggan Delver on Oct 7, 2022.
             Slain by a worm (10 damage)
             ... on level 3 of the Dungeon.
             The game lasted 00:05:38 (2879 turns).

xian the Covert (Spriggan Delver)                   Turns: 2879, Time: 00:05:39

Health: -5/19      AC:  2    Str: 10    XL:     3   Next: 75%
Magic:  5/5        EV: 18    Int: 11    God:
Gold:   128        SH:  0    Dex: 16    Spells: 3/3 levels left

rFire   . . .      SeeInvis +   a - +0 short sword
rCold   . . .      Faith    .   (no shield)
rNeg    . . .      Spirit   .   b - +0 robe
rPois   .          Reflect  .   (helmet restricted)
rElec   .          Harm     .   (no cloak)
rCorr   .          Rampage  .   (gloves unavailable)
Will    .....                   (boots unavailable)
Stlth   ++++......              (no amulet)
HPRegen 0.06/turn               (no ring)
MPRegen 0.09/turn               (no ring)

@: very quick
A: very small, no large weapons, unfitting armour, see invisible, speed 3
a: no special abilities


You were on level 3 of the Dungeon.
You visited 1 branch of the dungeon, and saw 5 of its levels.

You collected 128 gold pieces.

Inventory:

Hand Weapons
 a - a +0 short sword (weapon)
Missiles
 j - 7 stones (quivered)
 r - 4 poisoned darts
Armour
 b - a +0 robe (worn)
Wands
 g - a wand of digging (3)
Scrolls
 c - a scroll of fog
 d - 2 scrolls of magic mapping
 l - a scroll of noise {unknown}
 o - 2 scrolls of identify {unknown}
 q - a scroll of poison {unknown}
 s - a scroll of acquirement {unknown}
Potions
 e - a potion of heal wounds {unknown}
 f - a potion of haste
 h - 2 potions of attraction {unknown}
 i - 4 potions of curing {unknown}
 k - a potion of magic {unknown}
 m - a potion of resistance {unknown}
 n - 2 potions of berserk rage {unknown}
 p - a potion of cancellation {unknown}
 u - 2 potions of ambrosia {unknown}


   Skills:
 + Level 2.6 Fighting
 + Level 2.4 Short Blades
 + Level 0.2 Throwing
 + Level 3.2 Dodging
 + Level 8.4 Stealth
 * Level 0.9 Spellcasting
 * Level 0.4 Evocations


You had 3 spell levels left.
You didn't know any spells.
Your spell library contained the following spells:

 Spells                   Type           Power      Damage    Failure   Level
 Freeze                   Ice            0%         1d3       32%         1
 Frozen Ramparts          Ice            0%         1d1       69%         3
 Hailstorm                Conj/Ice       0%         3d3       97%         4
 Blade Hands              Tmut           0%         N/A       100%        5
 Irradiate                Conj/Tmut      0%         3d11      100%        5
 Dragon Form              Tmut           0%         N/A       100%        7


Dungeon Overview and Level Annotations

Branches:
Dungeon (5/15)
 Temple: D:4-7

Altars:


Innate Abilities, Weirdness & Mutations

You are very small and have problems with some larger weapons.
You are too small for most types of armour.
You have supernaturally acute eyesight. (SInv)
You cover ground extremely quickly. (Speed+++)


Message History

You throw a stone.
The stone hits the worm but does no damage.
You throw a stone. The stone barely misses the worm.
You throw a stone. The stone barely misses the worm.
You throw a stone. The stone hits the worm.
The worm is lightly wounded.
You throw a stone. The stone barely misses the worm.
You throw a stone.
The stone hits the worm but does no damage.
You hit the worm.
The worm is lightly wounded.
You hit the worm.
The worm is moderately wounded.
The worm bites you but does no damage.
You hit the worm.
The worm is heavily wounded.
You hit the worm.
The worm is heavily wounded.
The worm bites you!
You hit the worm.
The worm is severely wounded.
You hit the worm.
The worm is severely wounded.
The worm closely misses you.
You barely miss the worm.
The worm is severely wounded.
The worm bites you.
* * * LOW HITPOINT WARNING * * *
You hit the worm.
The worm is severely wounded.
You hit the worm.
The worm is almost dead.
The worm barely misses you.
You hit the worm but do no damage.
The worm is almost dead.
You completely miss the worm. Your punch misses the worm.
The worm is almost dead.
The worm bites you!
Ouch! That really hurt!
You die...

# ### ####### ##
..##########.....# ##.
##.......?.##.....#####..
..##....................
#.# #.....##.>......r.r.
#.###.....#..<...♣..#...
####...##.@w.........P.....
#...<..>...##.#####P§P♣§..g
#...........# ♣§♣§.§.♣♣
#...........# #.gP§♣§♣♣
#######.#.#.# #♣♣♣§♣♣.o
#.......# ... J♣ ##..##...
♣♣ #.## ..... ..# .##..


You could see a worm.

Vanquished Creatures
  An adder (D:5)
  A dart slug (D:2)
  4 bats
  7 endoplasms
  3 giant cockroaches (D:2)
  6 goblins
  4 hobgoblins
  3 quokkas (D:1)
  2 ball pythons (D:1)
  2 frilled lizards (D:1)
  3 kobolds (D:2)
  4 rats
40 creatures vanquished.

Vanquished Creatures (others)
  8 plants
8 creatures vanquished.

Grand Total: 48 creatures vanquished

Notes
Turn   | Place    | Note
-------+----------+-------------------------------------------
     0 | D:5      | xian the Spriggan Delver began the quest for the Orb.
     0 | D:5      | Reached XP level 1. HP: 11/11 MP: 2/2
    21 | D:5      | Reached XP level 2. HP: 16/16 MP: 3/3
    47 | D:5      | Noticed a scorpion
    68 | D:4      | Noticed an ogre
   693 | D:1      | Reached skill level 8 in Stealth
  1084 | D:1      | Reached XP level 3. HP: 16/19 MP: 4/4
  1640 | D:2      | Found a faded altar of an unknown god.
  2879 | D:3      | Slain by a worm

Illustrated notes

Levels and vault maps discovered:
D:1:      psy_arrival_whirlpool, layout_loops_ring
D:2:      minmay_angry_zag, layout_basic,
          hellmonk_ecumenical_altar_leap_of_faith, dk_noncrumbling_3,
          corexii_shack
D:3:      wad_woods_tower, layout_rooms, eat_drink_and_be_merry_uskayaw,
          nicolae_shop_vocational
D:4:      gammafunk_cloud_chamber, layout_basic, lemuel_coloured_pillars_altar,
          mainiacjoe_overflow_alcove_1, grunt_ministairs_3
D:5:      layout_cave_pools, fedhas_altar_decomposition

Skill      XL: |  1  2 |
---------------+-------+-----
Stealth        | 8 |  8.4
Dodging        | 3 |  3.2
Fighting       | |  2.6
Short Blades   | |  2.4
Throwing       | |  0.2
Spellcasting   | |  0.9
Evocations     | |  0.4

Action                   || total
-------------------------++-------
Melee: Short sword       ||   147
Throw: Stone             ||    17
       Dart              ||     4
  Use: Scroll            ||     2
 Stab: Sleeping          ||    14
Armor: Robe              ||    19
Dodge: Dodged            ||   109
